 Dungeon Crawl Stone Soup version 0.21.1-1-g345015fe64 (webtiles) character file.

1810 Gargoyl the Covered (level 8, -1/65 (68) HPs)
             Began as a Centaur Abyssal Knight on June 15, 2018.
             Was an Elder of Lugonu.
             Slain by a wyvern (2 damage)
             ... on level 7 of the Dungeon.
             The game lasted 00:12:35 (10207 turns).

Gargoyl the Covered (Centaur Abyssal Knight)       Turns: 10207, Time: 00:12:36

HP:   -1/65 (68)    AC: 10    Str: 13 (15) XL:     8   Next: 84%
MP:   12/12         EV:  4    Int:  9 (11) God:    Lugonu [****..]
Gold: 402           SH:  0    Dex:  8 (11) Spells: 7/7 levels left

rFire    + . .     SeeInvis .   a - +1 hand axe
rCold    . . .     Gourm    .   (no shield)
rNeg     . . .     Faith    .   b - +1 chain mail
rPois    .         Spirit   .   (no helmet)
rElec    .         Reflect  .   (no cloak)
rCorr    .         Harm     .   (no gloves)
MR       .....                  (no barding)
Stlth    ..........             (no amulet)
HPRegen  0.20/turn              d - ring of protection from fire
MPRegen  0.13/turn              (no ring)

@: drained, very quick
A: large, hooves 3, deformed body, speed 2, tough skin 3
a: Depart the Abyss, Bend Space, Banish, Corrupt, Renounce Religion


You were on level 7 of the Dungeon.
You worshipped Lugonu.
Lugonu was greatly pleased with you.
You were not hungry.

You visited 1 branch of the dungeon, and saw 7 of its levels.
You visited the Abyss 1 time.

You collected 402 gold pieces.

Inventory:

Hand Weapons
 a - a +1 hand axe (weapon)
Missiles
 r - 7 javelins (quivered)
Armour
 b - a +1 chain mail (worn)
Jewellery
 d - a ring of protection from fire (left hand)
Wands
 q - a wand of iceblast (12)
 s - a wand of scattershot (6)
Scrolls
 e - 3 scrolls of identify
 n - 6 scrolls of teleportation
 o - a scroll of enchant armour
 p - 3 scrolls of remove curse
Potions
 f - a potion of lignification {unknown}
 g - a potion of haste
 h - 2 potions of curing
 i - 2 potions of agility
 k - a potion of degeneration
 l - a potion of mutation {unknown}
 m - a potion of heal wounds {unknown}
 v - a potion of flight {unknown}
Books
 j - a book of Changes

   Spells                             Type                      Level
   a - Beastly Appendage              Transmutation                1
   b - Sticks to Snakes               Transmutation                2
   c - Spider Form                    Transmutation/Poison         3
   d - Ice Form                       Ice/Transmutation            4
   e - Blade Hands                    Transmutation                5
 t - a book of Minor Magic

   Spells                             Type                      Level
   a - Magic Dart                     Conjuration                  1
   b - Blink                          Translocation                2
   c - Call Imp                       Summoning                    2
   d - Slow                           Hexes                        2
   e - Conjure Flame                  Conjuration/Fire             3
   f - Mephitic Cloud                 Conjuration/Poison/Air       3
 x - a book of Maledictions

   Spells                             Type                      Level
   a - Corona                         Hexes                        1
   b - Ensorcelled Hibernation        Hexes/Ice                    2
   c - Confuse                        Hexes                        3
   d - Tukima's Dance                 Hexes                        3
   e - Dazzling Spray                 Conjuration/Hexes            3
Comestibles
 c - 5 rations


   Skills:
 + Level 5.1(5.0) Fighting
 + Level 5.3(5.1) Axes
 + Level 0.2(0.1) Throwing
 * Level 5.6(5.5) Armour
 + Level 2.0(1.9) Dodging
 * Level 5.4(5.3) Invocations


You had 7 spell levels left.
You didn't know any spells.

Dungeon Overview and Level Annotations

Branches:
Dungeon (7/15)
 Temple: D:4-7

Altars:
Nemelex Xobeh
Okawaru
Qazlal
Ru
Trog
Vehumet
The Shining One


Innate Abilities, Weirdness & Mutations

You have hooves in place of feet.
Armour fits poorly on your strangely shaped body.
You cover ground very quickly.
You have extremely tough skin. (AC +3)


Message History

You hit the wyvern.
The wyvern is lightly wounded.
The wyvern bites you.
You hit the wyvern but do no damage.
The wyvern is lightly wounded.
The wyvern bites you! The wyvern barely misses you.
You hit the wyvern. You kick the wyvern.
The wyvern is moderately wounded.
The wyvern bites you!
* * * LOW HITPOINT WARNING * * *
You closely miss the wyvern.
The wyvern is moderately wounded.
The wyvern bites you!
* * * LOW HITPOINT WARNING * * *
The wyvern bites you.
* * * LOW HITPOINT WARNING * * *
You hit the wyvern. Your kick misses the wyvern.
The wyvern is heavily wounded.
The wyvern bites you.
You die...

..###.##.###.# ###.##
...##...รท....########...####
...'.......................+
...###).....#########...####
..## #.#.##.# #.........# .##
#.#.#.#.# #.###.......# ##
#.#..# #.##.# #.#.#.#.# #
#..... ###.# #.#.#.###
######. #@# #...### .#
#.l.....# ### # #####.### ..#
#.. ..# #.# #.###. ......
#.####


You could see a wyvern.

Vanquished Creatures
  3 sky beasts
  A necrophage (D:7)
  An ogre (D:5)
  Blork the orc (D:5)
  A wyvern skeleton (D:6)
  A howler monkey (D:6)
  4 wights (D:6)
  A bullfrog zombie (D:6)
  A centaur zombie (D:6)
  4 crimson imps
  4 hounds
  An orc priest (D:5)
  A bullfrog skeleton (D:5)
  A centaur skeleton (D:6)
  An iguana (D:5)
  9 orc wizards
  2 worker ants (D:4)
  A howler monkey skeleton (D:4)
  7 adders
  2 adder skeletons (D:4)
  3 worms
  6 dart slugs
  10 leopard geckos
  24 orcs
  2 ball pythons
  10 giant cockroaches
  9 goblins
  8 hobgoblins
  16 jackals
  13 kobolds
  2 quokkas
  8 bats
  5 frilled lizards
  2 leopard gecko skeletons
  15 rats
180 creatures vanquished.

Vanquished Creatures (others)
  A scorpion (D:4)
  A hound (D:4)
2 creatures vanquished.

Grand Total: 182 creatures vanquished

Notes
Turn   | Place    | Note
-------+----------+-------------------------------------------
     0 | Abyss:1  | Gargoyl the Centaur Abyssal Knight began the quest for the Orb.
     0 | Abyss:1  | Reached XP level 1. HP: 19/19 MP: 2/2
    41 | Abyss:2  | Noticed a small abomination
    48 | Abyss:2  | Noticed a smoke demon
    48 | D:1      | Escaped the Abyss
    80 | D:1      | Reached * piety under Lugonu
    80 | D:1      | Reached XP level 2. HP: 10/26 MP: 3/3
   541 | D:1      | Reached XP level 3. HP: 31/31 MP: 4/4
   907 | D:1      | Found a glowing golden altar of the Shining One.
   984 | D:2      | Found a sacrificial altar of Ru.
   984 | D:2      | Found a stormy altar of Qazlal.
   991 | D:2      | Found a sparkling altar of Nemelex Xobeh.
  1179 | D:2      | Reached XP level 4. HP: 32/39 MP: 5/5
  1180 | D:2      | Reached ** piety under Lugonu
  2680 | D:3      | Reached skill level 1 in Dodging
  2680 | D:3      | Reached XP level 5. HP: 35/46 MP: 7/7
  3565 | D:3      | Found a radiant altar of Vehumet.
  3569 | D:3      | Reached *** piety under Lugonu
  3920 | D:4      | Found an iron altar of Okawaru.
  4116 | D:4      | Reached XP level 6. HP: 19/52 MP: 8/8
  5213 | D:4      | HP: 2/52 [scorpion (4)]
  5853 | D:5      | Entered Level 5 of the Dungeon
  5874 | D:5      | Reached XP level 7. HP: 44/59 MP: 9/9
  6495 | D:5      | Noticed Blork the orc
  6528 | D:5      | Killed Blork the orc
  7454 | D:6      | Reached XP level 8. HP: 48/67 MP: 11/11
  8257 | D:6      | Reached **** piety under Lugonu
  8419 | D:6      | Reached skill level 5 in Armour
  8447 | D:6      | Reached skill level 5 in Invocations
  8960 | D:6      | Found a sacrificial altar of Ru.
  9049 | D:6      | Found a bloodstained altar of Trog.
  9073 | D:6      | Reached skill level 5 in Axes
  9943 | D:7      | Reached skill level 5 in Fighting
 10206 | D:7      | HP: 1/65 [wyvern (3)]
 10207 | D:7      | Slain by a wyvern

Skill      XL: |  1  2  3  4  5  6  7  8 |
---------------+-------------------------+-----
Axes           | 2 3 4 5 |  5.3
Armour         | 2 3 4 5 |  5.6
Dodging        | 1 2 |  2.0
Invocations    | 3 4 5 |  5.4
Fighting       | 4 5 |  5.1
Throwing       | |  0.2

Action                   |  1- 3 |  4- 6 |  7- 9 || total
-------------------------+-------+-------+-------++-------
Melee: Hand axe          |    69 |   325 |   301 ||   695
       Kick              |     9 |    63 |    73 ||   145
Throw: Tomahawk          |       |       |     4 ||     4
       Javelin           |       |       |     1 ||     1
Invok: Depart the Abyss  |     1 |       |       ||     1
       Banish            |       |     2 |       ||     2
  Use: Scroll            |       |     7 |     3 ||    10
       Potion            |       |     2 |     2 ||     4
  Eat: Chunk             |       |    10 |     8 ||    18
       Ration            |       |     1 |     2 ||     3
Armor: Leather armour    |    33 |    83 |       ||   116
       Ring mail         |       |    28 |       ||    28
       Chain mail        |       |    49 |   232 ||   281
Dodge: Dodged            |    47 |   150 |    82 ||   279
